 Dungeon Crawl Stone Soup version 0.26-a0-638-gcca6ad1b57 (webtiles) character file.

Game seed: 2196812007209500566

79 DogServant the Vexing (level 4, -19/27 HPs)
             Began as a Kobold Arcane Marksman on Sept 14, 2020.
             Demolished by an ogre
             ... wielding a +0 giant spiked club
              (27 damage)
             ... on level 2 of the Dungeon.
             The game lasted 00:04:46 (2643 turns).

DogServant the Vexing (Kobold Arcane Marksman)      Turns: 2643, Time: 00:04:47

Health: -19/27     AC:  4    Str:  8    XL:     4   Next: 62%
Magic:  5/5        EV: 14    Int: 14    God:
Gold:   178        SH:  0    Dex: 15    Spells: 2/5 levels left

rFire    . . .     SeeInvis .   j - +2 dagger (venom)
rCold    . . .     Faith    .   (shield restricted)
rNeg     . . .     Spirit   .   f - +1 leather armour
rPois    .         Reflect  .   (no helmet)
rElec    .         Harm     .   (no cloak)
rCorr    .         Rampage  .   (no gloves)
MR       .....                  (no boots)
Stlth    +++.......             (no amulet)
HPRegen  0.09/turn              (no ring)
MPRegen  0.09/turn              (no ring)

@: no status effects
A: small, nightstalker 3
a: no special abilities


You were on level 2 of the Dungeon.
You visited 1 branch of the dungeon, and saw 2 of its levels.

You collected 178 gold pieces.

Inventory:

Hand Weapons
 a - a +1 hand crossbow
 b - a +0 mace
 j - a +2 dagger of venom (weapon)
 l - a +1 short sword of flaming
Missiles
 d - 29 bolts
Armour
 e - a +0 robe
 f - a +1 leather armour (worn)
Scrolls
 i - 6 scrolls of identify
 k - a scroll of fear {unknown}
 m - a scroll of magic mapping {unknown}
 n - a scroll of remove curse {unknown}
 o - a scroll of teleportation {unknown}
 p - a scroll of amnesia {unknown}
Potions
 c - 2 potions of invisibility {unknown}
 g - 2 potions of brilliance {unknown}
 h - a potion of degeneration {unknown}
 q - a potion of curing {unknown}
 r - a potion of lignification {unknown}


   Skills:
 + Level 2.5 Fighting
 + Level 3.4 Crossbows
 - Level 0.2 Armour
 - Level 2.4 Dodging
 + Level 1.7 Stealth
 - Level 1.1 Spellcasting
 + Level 3.6 Hexes


You had 2 spell levels left.
You knew the following spells:

 Your Spells              Type           Power        Failure   Level
a - Corona                Hex            ##.....      9%          1
b - Slow                  Hex            ##......     12%         2

Your spell library contained the following spells:

 Spells                   Type           Power        Failure   Level
 Inner Flame              Hex/Fire       #.......     45%         3
 Portal Projectile        Hex/Tloc       #.....       45%         3
 Cause Fear               Hex            ##........   63%         4
 Leda's Liquefaction      Hex/Erth       #.........   86%         4


Dungeon Overview and Level Annotations

Branches:
Dungeon (2/15)

Altars:
Trog


Innate Abilities, Weirdness & Mutations

You are small and have problems with some larger weapons.
You are completely attuned to the shadows.


Message History

The ogre shouts!
The ogre misses you.
You closely miss the ogre. You hit the ogre.
The ogre is lightly wounded.
The ogre barely misses you.
You hit the ogre.
The ogre is poisoned.
The ogre is moderately wounded.
The ogre completely misses you.
You hit the ogre but do no damage.
The ogre looks as sick as possible!
The ogre is moderately wounded.
The ogre barely misses you.
The ogre hits you with a +0 giant spiked club!
You completely miss the ogre.
The ogre is heavily wounded.
The ogre hits you with a +0 giant spiked club!
* * * LOW HITPOINT WARNING * * *
The ogre hits you with a +0 giant spiked club!!
Ouch! That really hurt!
You die...

#..#....#......
#.>............
#.###...#.#..†.
#.#.....#.#....
#.#.....#.#....
#.#.##..#.#....
#.#..#..#.#....
#####.#.##..#.#....
#.@.#.#†##..#.#....
#O#.#.#.....#.#####
#.#.#.#....##.# #
#.#.#.#.......# #
#.#.#.########## #
#.#.#..........# #
#.#.##########.# #
#.#.# #.# #
#.#.##########.# #


You could see an ogre (very poisoned).

Vanquished Creatures
  3 adders (D:2)
  A dart slug (D:1)
  An orc (D:2)
  A ball python (D:1)
  2 giant cockroaches (D:1)
  5 goblins
  3 hobgoblins
  6 jackals (D:2)
  2 quokkas (D:2)
  9 bats
  2 frilled lizards
  4 kobolds (D:1)
  8 rats
47 creatures vanquished.

Notes
Turn   | Place    | Note
-------+----------+-------------------------------------------
     0 | D:1      | DogServant the Kobold Arcane Marksman began the quest for
                  | the Orb.
     0 | D:1      | Reached XP level 1. HP: 12/12 MP: 2/2
    79 | D:1      | Reached XP level 2. HP: 16/16 MP: 3/3
    83 | D:1      | Learned a level 2 spell: Slow
   733 | D:1      | Reached XP level 3. HP: 21/21 MP: 4/4
  1442 | D:2      | Reached skill level 1 in Stealth
  1589 | D:2      | Reached XP level 4. HP: 26/26 MP: 5/5
  1912 | D:2      | Found a bloodstained altar of Trog.
  2628 | D:2      | Noticed an ogre
  2643 | D:2      | Demolished by an ogre

Illustrated notes

Levels and vault maps discovered:
D:1:      giann_bridges, layout_rooms
D:2:      layout_basic, minmay_misc_feat_rows, trog_butcher_becter

Skill      XL: |  1  2  3 |
---------------+----------+-----
Fighting       | 2 |  2.5
Crossbows      | 3 |  3.4
Stealth        | 1 |  1.7
Armour         | |  0.2
Dodging        | |  2.4
Spellcasting   | |  1.1
Hexes          | |  3.6

Action                   |  1- 3 |  4- 6 || total
-------------------------+-------+-------++-------
Melee: Mace              |    78 |       ||    78
       Dagger            |    29 |    59 ||    88
 Fire: Hand crossbow     |     8 |       ||     8
  Use: Scroll            |     3 |       ||     3
 Stab: Sleeping          |     7 |     8 ||    15
Armor: Robe              |     6 |       ||     6
       Leather armour    |    41 |    14 ||    55
Dodge: Dodged            |   121 |    35 ||   156

Table legend: (Time is in decaauts)
 A = Elapsed time spent in this place.
 B = Non-inter-level travel time spent in this place.
 C = Inter-level travel time spent in this place.
 D = Time resting spent in this place.
 E = Time spent auto-exploring this place.
 F = Levels seen in this place.
 G = Mean time per level.
                   A        B        C        D        E       F      G
               +--------+--------+--------+--------+--------+-----+--------+
         Total |   2676 |   2665 |     11 |    244 |   1930 |   2 | 1338.0 |
       Dungeon |   2676 |   2665 |     11 |    244 |   1930 |   2 | 1338.0 |
               +--------+--------+--------+--------+--------+-----+--------+

Top non-repeatable levels by time:
     D:2: 1380 daAuts
     D:1: 1296 daAuts
